 Dungeon Crawl Stone Soup version 0.21.1-1-g345015fe64 (webtiles) character file.

33 Lavandula the Ruffian (level 3, 0/30 HPs)
             Began as a Deep Dwarf Transmuter on May 24, 2018.
             Killed from afar by Natasha (7 damage)
             ... with a magic dart
             ... on level 2 of the Dungeon.
             The game lasted 00:04:25 (539 turns).

Lavandula the Ruffian (Deep Dwarf Transmuter)        Turns: 539, Time: 00:04:26

Health: 0/30       AC:  2    Str: 18    XL:     3   Next: 12%
Magic:  0/6        EV: 12    Int: 13    God:
Gold:   38         SH:  0    Dex: 13    Spells: 0/6 levels left

rFire    . . .     SeeInvis .     - Unarmed
rCold    . . .     Gourm    .   (no shield)
rNeg     . . .     Faith    .   b - +0 robe
rPois    .         Spirit   .   (no helmet)
rElec    .         Reflect  .   (no cloak)
rCorr    .         Harm     .   (no gloves)
MR       .....                  (boots currently unavailable)
Stlth    +.........             (no amulet)
HPRegen  0.00/turn              f - +4 ring of strength
MPRegen  0.10/turn              k - ring of wizardry

@: appendage, very slightly contaminated, non-regenerating, slowed, very slow
A: damage resistance, heal wounds, talons 3, sense surroundings 1, no
regeneration
a: Heal Wounds, End Transformation


You were on level 2 of the Dungeon.
You were not hungry.
You had grown temporary talons.
You visited 1 branch of the dungeon, and saw 2 of its levels.

You collected 38 gold pieces.

Inventory:

Missiles
 a - 35 arrows
 h - 14 stones (quivered)
 n - 3 tomahawks
Armour
 b - a +0 robe (worn)
Jewellery
 f - a +4 ring of strength (left hand)
 k - a ring of wizardry (right hand)
Scrolls
 i - a scroll of amnesia {unknown}
 l - a scroll of teleportation {unknown}
 o - a scroll of blinking {unknown}
Potions
 e - a potion of magic {unknown}
 g - a potion of heal wounds {unknown}
 j - a potion of might {unknown}
 m - 2 potions of curing {unknown}
 p - a potion of cancellation {unknown}
Books
 c - a book of Changes

   Spells                             Type                      Level
   a - Beastly Appendage              Transmutation                1
   b - Sticks to Snakes               Transmutation                2
   c - Spider Form                    Transmutation/Poison         3
   d - Ice Form                       Ice/Transmutation            4
   e - Blade Hands                    Transmutation                5
Comestibles
 d - 2 rations


   Skills:
 - Level 0.8 Fighting
 - Level 2.1 Dodging
 + Level 3.4 Unarmed Combat
 - Level 2.4 Spellcasting
 - Level 1.7 Transmutations


You couldn't memorise any spells.
You knew the following spells:

 Your Spells              Type           Power        Failure   Level  Hunger
a - Beastly Appendage     Tmut           #.....       4%          1    #......
b - Sticks to Snakes      Tmut           #.......     8%          2    ###....
c - Spider Form           Tmut/Pois      #.........   21%         3    ###....


Dungeon Overview and Level Annotations

Branches:
Dungeon (2/15)

Altars:
Nemelex Xobeh
The Shining One

Annotations:
D:2 Natasha, Sigmund


Innate Abilities, Weirdness & Mutations

You are resistant to damage.
You can heal yourself by infusing magical energy.
You passively map a small area around you.
You do not regenerate.
You have claws for feet.


Message History

Natasha wildly gestures.
Natasha shimmers violently.
You barely miss Natasha. Natasha casts a spell at you.
You feel yourself slow down.
You closely miss Natasha. Natasha barely misses you.
Natasha closely misses you.
You barely miss Natasha. Natasha barely misses you.
You hit Natasha but do no damage. Natasha casts a spell at you.
You resist with some effort.
You closely miss Natasha. Natasha claws you. x2
Casting: Spider Form
Confirm with . or Enter, or press ? or * to list all spells.
Your feet morph into talons.
Natasha claws you.
* * * LOW HITPOINT WARNING * * *
You hit Natasha but do no damage. You claw Natasha, but do no damage.
Natasha casts a spell at you. The magic dart hits you!
You die...

#.##.............#
#.###............#
#_# ##########'###
#.# #.# #.# #.#
#.# #########'###
#.# #............
#h# #............
#@# #............
#.# #...........#
#.# #...........#
#.# #...........#
#.# #.........#..
#.# ########.###.
#.# #..#.. #.#
##...# #.#######
#..##


You could see Natasha.

Vanquished Creatures
  An adder (D:2)
  2 dart slugs (D:2)
  2 bats
  4 giant cockroaches
  4 goblins
  3 hobgoblins
  A kobold (D:1)
  2 frilled lizards
  A rat (D:2)
20 creatures vanquished.

Notes
Turn   | Place    | Note
-------+----------+-------------------------------------------
     0 | D:1      | Lavandula the Deep Dwarf Transmuter began the quest for the Orb.
     0 | D:1      | Reached XP level 1. HP: 16/16 MP: 3/3
    34 | D:1      | Reached skill level 3 in Unarmed Combat
   155 | D:1      | Reached XP level 2. HP: 19/24 MP: 2/4
   218 | D:1      | Learned a level 2 spell: Sticks to Snakes
   364 | D:2      | Reached XP level 3. HP: 18/30 MP: 4/6
   472 | D:2      | Found a glowing golden altar of the Shining One.
   484 | D:2      | Learned a level 3 spell: Spider Form
   491 | D:2      | Found a sparkling altar of Nemelex Xobeh.
   497 | D:2      | Noticed Sigmund
   513 | D:2      | Noticed Natasha
   539 | D:2      | Killed from afar by Natasha

Skill      XL: |  1  2 |
---------------+-------+-----
Unarmed Combat | 3 |  3.4
Spellcasting   | 2 |  2.4
Fighting       | |  0.8
Dodging        | |  2.1
Transmutations | |  1.7

Action                   || total
-------------------------++-------
Melee: Unarmed           ||    60
       Headbutt          ||     9
       Kick              ||     4
Throw: Stone             ||     1
 Cast: Beastly Appendage ||    13
       Sticks to Snakes  ||     4
 Stab: Sleeping          ||     3
Armor: Robe              ||     7
Dodge: Dodged            ||    32
